 Dungeon Crawl Stone Soup version 0.21-a0-260-g9b2435e (webtiles) character file.

47 tidbits the Firebug (level 3, 0/31 HPs)
             Began as a Draconian Wanderer on Sept 7, 2017.
             Slain by an orc
             ... wielding a +0 trident
              (4 damage)
             ... on level 4 of the Dungeon.
             The game lasted 00:03:52 (561 turns).

tidbits the Firebug (Draconian Wanderer)             Turns: 561, Time: 00:03:52

Health: 0/31       AC:  7    Str: 16    XL:     3   Next: 48%
Magic:  3/3        EV: 12    Int: 12    God:
Gold:   89         SH:  0    Dex:  9    Spells: 2/2 levels left

rFire    . . .     SeeInvis .   a - +2 hand axe
rCold    . . .     Gourm    .   (no shield)
rNeg     . . .     Faith    .   (armour unavailable)
rPois    .         Spirit   .   (helmet restricted)
rElec    .         Reflect  .   (no cloak)
rCorr    .         Harm     .   G - +1 pair of gloves
MR       .....                  (no boots)
Stlth    +.........             (no amulet)
HPRegen  0.10/turn              (no ring)
MPRegen  0.08/turn              (no ring)

@: no status effects
A: unfitting armour, cold-blooded, AC +5
a: no special abilities


You were on level 4 of the Dungeon.
You were not hungry.

You visited 1 branch of the dungeon, and saw 4 of its levels.

You collected 89 gold pieces.

Inventory:

Hand Weapons
 a - a +2 hand axe (weapon)
Missiles
 h - 8 curare-tipped needles
 p - 12 arrows
Armour
 G - a +1 pair of gloves (worn)
Wands
 j - a wand of iceblast (8/15)
Scrolls
 d - a scroll of fog {unknown}
 e - a scroll of blinking {unknown}
 f - a scroll of teleportation {unknown}
 l - 2 scrolls of random uselessness {unknown}
 m - 2 scrolls of enchant armour {unknown}
 o - a scroll of enchant weapon {unknown}
 q - a scroll of recharging {unknown}
Potions
 k - a potion of lignification {unknown}
 n - a potion of magic {unknown}
Books
 b - the Handbook of Fire

   Spells                             Type                      Level
   a - Flame Tongue                   Conjuration/Fire             1
   b - Conjure Flame                  Conjuration/Fire             3
Comestibles
 c - 2 bread rations
 g - a fruit
 i - a royal jelly


   Skills:
 + Level 3.4 Fighting
 - Level 1.0 Axes
 + Level 1.8 Dodging
   Level 1.0 Shields
   Level 5.0 Fire Magic
 - Level 1.0 Evocations


You had 2 spell levels left.
You didn't know any spells.

Dungeon Overview and Level Annotations

Branches:
Dungeon (4/15)
 Temple: D:4-7

Altars:
Dithmenos
Nemelex Xobeh
Vehumet


Innate Abilities, Weirdness & Mutations

Your plain brown scales are hard. (AC +5)
You cannot fit into any form of body armour.
You are cold-blooded and may be slowed by cold attacks.


Message History

m - 2 scrolls labeled RIYXENL PYAW
There is a stone staircase leading down here.
You climb downwards.
A kobold comes into view. It is wielding a club.
The kobold shouts!
Found 23 stones, a blue potion, a chain mail and a fuming black potion.
There is a stone staircase leading up here.
The kobold throws a stone.
The stone closely misses you.
Found a sparkling altar of Nemelex Xobeh.
The kobold throws a stone.
The stone hits you but does no damage.
You see here a stone.
There is a stone staircase leading up here.
A quokka comes into view.
The kobold hits you with a club.
Found a scroll labeled NAWAM BIP ENAT.
You hit the kobold.
The kobold is heavily wounded.
The kobold hits you but does no damage.
You barely miss the kobold.
The kobold is heavily wounded.
The kobold hits you but does no damage.
You closely miss the kobold.
The kobold is heavily wounded.
The kobold barely misses you.
You hit the kobold.
You kill the kobold!
You hit the quokka. The quokka bites you.
* * * LOW HITPOINT WARNING * * *
You miss the quokka.
The quokka is moderately wounded.
The quokka bites you but does no damage.
The quokka misses you.
You hit the quokka.
The quokka is severely wounded.
The quokka barely misses you.
You hit the quokka.
You kill the quokka!
You see here a quokka corpse.
n - a blue potion
Things that are here:
a club; a kobold corpse
o - a scroll labeled NAWAM BIP ENAT A worm comes into view.
Found 19 gold pieces.
A kobold comes into view. It is wielding a club.
Found a helmet.
Found a stone staircase leading down.
Found 12 arrows.
You see here 19 gold pieces.
You now have 89 gold pieces (gained 19).
You hit the worm.
The worm is moderately wounded.
You hit the worm.
The worm is moderately wounded.
The worm bites you!
* * * LOW HITPOINT WARNING * * *
You hit the worm but do no damage.
Your tail-slap misses the worm.
The worm is moderately wounded.
You hit the kobold but do no damage. The kobold barely misses you.
The worm misses you.
You barely miss the worm.
The worm is moderately wounded.
You closely miss the kobold. The kobold closely misses you.
The worm closely misses you.
You slash the worm!
The worm is severely wounded.
You hit the kobold.
You kill the kobold!
You hit the worm.
Your tail-slap misses the worm.
The worm is severely wounded.
The worm bites you.
* * * LOW HITPOINT WARNING * * *
You slash the worm!
You kill the worm!
Things that are here:
a club; a kobold corpse You see here 12 arrows.
p - 12 arrows
There is a stone staircase leading down here.
You climb downwards.
You hear the sound of rushing water.
There is an entrance to a sewer on this level.
Hurry and find it before the portal rusts away!
There is a stone staircase leading up here.
Found a scroll labeled UZABYEL FUTZI.
q - a scroll labeled UZABYEL FUTZI
Found a metallic emerald potion.
Found 18 gold pieces.
A bullfrog comes into view.
A quokka comes into view.
The bullfrog croaks.
An orc comes into view. It is wielding a trident.
The orc shouts!
You hear a shout! x2; You hear a bark!
A hound comes into view.
You hit the bullfrog.
Your tail-slap misses the bullfrog.
The bullfrog is lightly wounded.
The bullfrog hits you.
* * * LOW HITPOINT WARNING * * *
The bullfrog hits you.
* * * LOW HITPOINT WARNING * * *
The orc hits you from afar with a trident.
You die...

##.# ...# #..#
#h.## ##.ro
.!o #F# # #@#
#.. #.# #...#
#.#
......#.####.#
.............#
......##.##..#
#...## #.# .#
#.. ##.##..#
## ##...#..#


You could see a bullfrog, a hound, an orc wizard, an orc and a quokka.

Vanquished Creatures
  Ijyb (D:2)
  2 worms
  A dart slug (D:2)
  2 giant cockroaches (D:2)
  A hobgoblin (D:2)
  3 kobolds
  A quokka (D:3)
  A bat (D:2)
  3 frilled lizards (D:2)
  A rat (D:1)
16 creatures vanquished.

Notes
Turn   | Place    | Note
-------+----------+-------------------------------------------
     0 | D:1      | tidbits the Draconian Wanderer began the quest for the Orb.
     0 | D:1      | tidbits set off with: a +2 hand axe, the Handbook of Fire, a bread ration
     0 | D:1      | Reached XP level 1. HP: 17/17 MP: 1/1
     0 | D:1      | Identified the Handbook of Fire
   244 | D:3      | Found a radiant altar of Vehumet.
   245 | D:3      | Noticed Ijyb
   267 | D:3      | Noticed an orc wizard
   288 | D:2      | Killed Ijyb
   288 | D:2      | Reached skill level 3 in Fighting
   288 | D:2      | Reached skill level 1 in Dodging
   288 | D:2      | Reached XP level 2. HP: 5/26 MP: 2/2
   288 | D:2      | Reached XP level 3. HP: 6/31 MP: 3/3
   389 | D:2      | Found a shadowy altar of Dithmenos.
   485 | D:3      | Found a sparkling altar of Nemelex Xobeh.
   557 | D:4      | Noticed a bullfrog
   561 | D:4      | Slain by an orc

Vault maps used:
D:1:      eino_arrival_druids_welcome
D:2:      grunt_dithmenos_smoke, first_bread
D:3:      nemelex_xobeh_ov_fountains_minmay, lemuel_crystal_altar,
          chequers_ecumenical_altar_simple, uniq_ijyb
D:4:      minmay_temple_entry_grid, serial_shops, kennysheep_mini_moat,
          gup_sewer_entry_glass

Skill      XL: |  1 |
---------------+----+-----
Fighting       | 3 |  3.4
Dodging        | 1 |  1.8
Axes           | |  1.0
Shields        | |  1.0
Fire Magic     | |  5.0
Evocations     | |  1.0

Action                   || total
-------------------------++-------
Melee: Hand axe          ||    66
       Tailslap          ||     4
Armor: Skin              ||    11
Dodge: Dodged            ||    34

Table legend:
 A = Spawn XP
 B = Non-spawn XP
 C = Spawn XP percentage of total XP
 D = Spawn monster count
 E = Non-spawn monster count
 F = Spawn count percentage of total count
 G = Total turns spent on level
                    A         B        C        D         E        F      G
               +---------+---------+-------+---------+---------+-------+---------
         Total |       0 |      68 |   0.0 |       0 |      16 |   0.0 |   561
               +---------+---------+-------+---------+---------+-------+---------
           D:1 |       0 |       3 |   0.0 |       0 |       2 |   0.0 |   104
           D:2 |       0 |      55 |   0.0 |       0 |      10 |   0.0 |   337
           D:3 |       0 |      10 |   0.0 |       0 |       4 |   0.0 |   101
               +---------+---------+-------+---------+---------+-------+---------

Table legend:
 A = Turns spent in this place as a percentage of turns spent in the entire game.
 B = Non-inter-level travel turns spent in this place as a percentage of non-inter-level travel turns spent in the entire game.
 C = Inter-level travel turns spent in this place as a percentage of turns spent in this place.
 D = Turns resting spent in this place as a percentage of non-inter-level travel turns spent in this place.
 E = Turns spent auto-exploring this place as a percentage of non-inter-level travel turns spent in this place.
 F = Non-inter-level travel turns spent in this place divided by the number of levels of this place that you've seen.
                   A       B       C       D       E      F
               +-------+-------+-------+-------+-------+----------------------
         Total | 100.0 | 100.0 |   2.3 |   0.0 |   0.0 | 137.0
       Dungeon | 100.0 | 100.0 |   2.3 |   0.0 |   0.0 | 137.0
               +-------+-------+-------+-------+-------+----------------------

Table legend:
 A = Kills in this place as a percentage of kills in entire the game.
 B = Kills by you in this place as a percentage of kills by you in the entire game.
 C = Kills by friends in this place as a percentage of kills by friends in the entire game.
 D = Other kills in this place as a percentage of other kills in the entire game.
 E = Experience gained in this place as a percentage of experience gained in the entire game.
 F = Experience gained in this place divided by the number of levels of this place that you have seen.
                   A       B       C       D       E      F
               +-------+-------+-------+-------+-------+----------------------
         Total | 100.0 | 100.0 |   N/A |   N/A | 100.0 |  17.0
       Dungeon | 100.0 | 100.0 |   N/A |   N/A | 100.0 |  17.0
               +-------+-------+-------+-------+-------+----------------------

Vault maps used:
D:1:      eino_arrival_druids_welcome
D:2:      grunt_dithmenos_smoke, first_bread
D:3:      nemelex_xobeh_ov_fountains_minmay, lemuel_crystal_altar,
          chequers_ecumenical_altar_simple, uniq_ijyb
D:4:      minmay_temple_entry_grid, serial_shops, kennysheep_mini_moat,
          gup_sewer_entry_glass
